 Dungeon Crawl Stone Soup version 0.27-a0-637-g3a9f0a9c12 (webtiles) character file.

Game seed: 15782968220477853067

8 Johnny the Digger (level 2, 0/16 HPs)
             Began as a Deep Elf Earth Elementalist on Mar 14, 2021.
             Slain by a kobold (2 damage)
             ... on level 1 of the Dungeon.
             The game lasted 00:00:57 (698 turns).

Johnny the Digger (Deep Elf Earth Elementalist)      Turns: 698, Time: 00:00:57

Health: 0/16       AC:  2    Str:  5    XL:     2   Next: 0%
Magic:  5/8        EV: 12    Int: 19    God:
Gold:   22         SH:  0    Dex: 15    Spells: 6/7 levels left

rFire    . . .     SeeInvis .   e - +1 dagger (venom)
rCold    . . .     Faith    .   (no shield)
rNeg     . . .     Spirit   .   c - +0 robe
rPois    .         Reflect  .   (no helmet)
rElec    .         Harm     .   (no cloak)
rCorr    .         Rampage  .   (no gloves)
Will     .....                  (no boots)
Stlth    ++........             (no amulet)
HPRegen  0.05/turn              (no ring)
MPRegen  0.11/turn              (no ring)

@: no status effects
A: no striking features
a: no special abilities


You were on level 1 of the Dungeon.
You visited 1 branch of the dungeon, and saw 1 of its levels.

You collected 22 gold pieces.

Inventory:

Hand Weapons
 e - a +1 dagger of venom (weapon)
Missiles
 b - 20 stones
Armour
 c - a +0 robe (worn)
Scrolls
 a - 2 scrolls of immolation {unknown}
 d - 2 scrolls of identify {unknown}


   Skills:
 * Level 0.9 Fighting
 - Level 2.4 Dodging
 - Level 2.4 Stealth
 + Level 3.2 Spellcasting
 - Level 1.1 Transmutations
 + Level 3.4 Earth Magic


You had 6 spell levels left.
You knew the following spells:

 Your Spells              Type           Power      Damage    Failure   Level
a - Sandblast             Erth           32%        2d9       3%          1

Your spell library contained the following spells:

 Spells                   Type           Power      Damage    Failure   Level
 Passwall                 Tmut/Erth      9%         N/A       9%          2
 Stone Arrow              Conj/Erth      18%        3d8       22%         3
 Petrify                  Tmut/Erth      11%        N/A       52%         4
 Lee's Rapid Deconstruct  Erth           8%         3d8*      69%         5


Dungeon Overview and Level Annotations

Branches:
Dungeon (1/15)

Altars:


Message History

The leopard gecko hisses menacingly.
There is a shaft here.
A rat comes into view.
Okay, then.
You aren't carrying any potions.
Unknown command.
Casting: Sandblast (safe; 3% risk of failure)
Confirm with . or Enter, or press ? or * to list all spells.
Aiming: Sandblast (safe; 3% risk of failure)
Press: ? - help, Shift-Dir - straight line, f - kobold
Aim: a kobold, wielding a +0 dagger (26% to evade)
The blast of sand hits the kobold.
The kobold is heavily wounded.
The kobold barely misses you.
Casting: Sandblast (safe; 3% risk of failure)
Confirm with . or Enter, or press ? or * to list all spells.
Aiming: Sandblast (safe; 3% risk of failure)
Press: ? - help, Shift-Dir - straight line, f/p - kobold
Aim: a kobold, wielding a +0 dagger (heavily wounded, 26% to evade)
The blast of sand hits the kobold!
You kill the kobold!
Casting: Sandblast (safe; 3% risk of failure)
Confirm with . or Enter, or press ? or * to list all spells.
Aiming: Sandblast (safe; 3% risk of failure)
Press: ? - help, Shift-Dir - straight line, f - rat
Aim: a rat (21% to evade)
The blast of sand hits the rat.
You kill the rat!
You have reached level 2!
The goblin hits you with a +0 club.
* * * LOW HITPOINT WARNING * * *
You see here a rat corpse.
You stumble into a teleport trap!
You are suddenly yanked towards some nearby monsters!
Your surroundings suddenly seem different.
The kobold hits you.
* * * LOW HITPOINT WARNING * * *
The kobold shouts!
You hear an angry hiss.
The kobold hits you.
You die...

##g# ..............#.#
##l#
###.###.#.#..####.#
...# ..#.# #.#.#..# #.#
...# #.#.# #.#.#..# #.#
...# #.#.# #.#.#..# #.#
..g#######.#.###.#.#..#
#.#
...^.##............#..#
........##.#.###.###..#
...........#.###@###..#
...............K.(.#..#
..>...................#
.....#.....K.......##.#
.....#.............# .#
.....#..........)..# .#
.....#.............# .#
.....#.............# .#
##.###...############.#


You could see 2 kobolds.

Vanquished Creatures
  A leopard gecko (D:1)
  A hobgoblin (D:1)
  A bat (D:1)
  2 kobolds (D:1)
  3 rats (D:1)
8 creatures vanquished.

Notes
Turn   | Place    | Note
-------+----------+-------------------------------------------
     0 | D:1      | Johnny the Deep Elf Earth Elementalist began the quest for
                  | the Orb.
     0 | D:1      | Reached XP level 1. HP: 10/10 MP: 6/6
   688 | D:1      | Reached XP level 2. HP: 4/16 MP: 4/8
   698 | D:1      | Slain by a kobold

Illustrated notes

Levels and vault maps discovered:
D:1:      onia_arrival_pyramid, layout_basic

Action                   || total
-------------------------++-------
Melee: Dagger            ||     3
       Unarmed           ||     3
 Cast: Sandblast         ||    13
 Stab: Sleeping          ||     1
Dodge: Dodged            ||    10

Table legend: (Time is in decaauts)
 A = Elapsed time spent in this place.
 B = Non-inter-level travel time spent in this place.
 C = Inter-level travel time spent in this place.
 D = Time resting spent in this place.
 E = Time spent auto-exploring this place.
 F = Levels seen in this place.
 G = Mean time per level.
                   A        B        C        D        E       F      G
               +--------+--------+--------+--------+--------+-----+--------+
         Total |    697 |    652 |     45 |      0 |    529 |   1 |  697.0 |
       Dungeon |    697 |    652 |     45 |      0 |    529 |   1 |  697.0 |
               +--------+--------+--------+--------+--------+-----+--------+

Top non-repeatable levels by time:
     D:1: 697 daAuts
